 Dungeon Crawl Stone Soup version 0.27-a0-1006-g1fd4cec11e (webtiles) character file.

Game seed: 14603091412878455345

24 siradein the Sneak (level 2, -3/22 HPs)
             Began as a Demonspawn Brigand on Apr 17, 2021.
             Slain by Jessica
             ... wielding a +0 dagger
              (5 damage)
             ... on level 2 of the Dungeon.
             The game lasted 00:02:15 (1660 turns).

siradein the Sneak (Demonspawn Brigand)             Turns: 1660, Time: 00:02:15

Health: -3/22      AC:  3    Str: 11    XL:     2   Next: 79%
Magic:  11/11      EV: 11    Int: 12    God:
Gold:   64         SH:  3    Dex: 14    Spells: 1/1 levels left

rFire    . . .     SeeInvis .   a - +2 dagger
rCold    . . .     Faith    .   g - +0 buckler
rNeg     . . .     Spirit   .   b - +0 robe
rPois    .         Reflect  .   (no helmet)
rElec    .         Harm     .   c - +0 cloak
rCorr    .         Rampage  .   (no gloves)
Will     .....                  (no boots)
Stlth    ++........             (no amulet)
HPRegen  0.07/turn              f - ring of magical power
MPRegen  0.12/turn              (no ring)

@: no status effects
A: powered by pain 1
a: no special abilities


You were on level 2 of the Dungeon.
You visited 1 branch of the dungeon, and saw 2 of its levels.

You collected 64 gold pieces.

Inventory:

Hand Weapons
 a - a +2 dagger (weapon)
Missiles
 d - 8 poisoned darts (quivered)
 e - 2 curare-tipped darts
Armour
 b - a +0 robe (worn)
 c - a +0 cloak (worn)
 g - a +0 buckler (worn)
Jewellery
 f - a ring of magical power (left hand)
Scrolls
 i - a scroll of enchant armour {unknown}
 j - a scroll of holy word {unknown}
Potions
 h - a potion of berserk rage {unknown}


   Skills:
 - Level 2.0 Fighting
 - Level 1.7(2.3) Short Blades
 + Level 2.3(2.6) Long Blades
 - Level 1.7 Throwing
 - Level 0.8 Dodging
 - Level 3.6 Stealth


You had one spell level left.
You didn't know any spells.
Your spell library contained the following spells:

 Spells                   Type           Power      Damage    Failure   Level
 Animate Skeleton         Necr           0%         N/A       50%         1
 Apportation              Tloc           0%         N/A       50%         1
 Corona                   Hex            0%         N/A       50%         1
 Summon Small Mammal      Summ           0%         N/A       50%         1


Dungeon Overview and Level Annotations

Branches:
Dungeon (2/15)

Altars:
Fedhas

Annotations:
D:2 Jessica


Innate Abilities, Weirdness & Mutations

You sometimes gain a little power by taking damage.


Message History

You open the door.
A quokka comes into view.
A quokka is nearby!
You hit the quokka.
The quokka is severely wounded.
The quokka bites you.
You hit the quokka.
You kill the quokka!
There is an open door here.
Found an escape hatch in the floor.
Found a stone staircase leading down.
There is a stone staircase leading down here.
Jessica the Apprentice Sorceress comes into view.
She is wielding a +0 dagger.
Jessica shouts!
You closely miss Jessica. Jessica barely misses you.
You hit Jessica.
Jessica is moderately wounded.
Jessica hits you with a +0 dagger.
You hit Jessica but do no damage.
Jessica is moderately wounded.
Jessica casts a spell at you. Pain shoots through your body!
You closely miss Jessica.
Jessica is moderately wounded.
You block Jessica's attack.
You closely miss Jessica.
Jessica is moderately wounded.
Jessica misses you.
You barely miss Jessica.
Jessica is moderately wounded.
Jessica hits you with a +0 dagger.
* * * LOW HITPOINT WARNING * * *
You hit Jessica.
Jessica is severely wounded.
Jessica hits you with a +0 dagger.
* * * LOW HITPOINT WARNING * * *
You hit Jessica.
Jessica is almost dead.
Jessica hits you with a +0 dagger.
You die...

#.. #.#
#.#
##.######
###...##..
.........
#.@.##.#
#@# #.#
#.###.##
#.##.#.###
#...###>.#
####.#.#.#
#......#
#.###.># #
#..# ###
#######.#


You could see Jessica.

Vanquished Creatures
  A dart slug (D:1)
  2 endoplasms
  A giant cockroach (D:1)
  2 goblins
  3 hobgoblins
  A kobold (D:1)
  2 quokkas
  A ball python (D:1)
  3 bats (D:1)
  A frilled lizard (D:2)
  3 rats
20 creatures vanquished.

Notes
Turn   | Place    | Note
-------+----------+-------------------------------------------
     0 | D:1      | siradein the Demonspawn Brigand began the quest for the
                  | Orb.
     0 | D:1      | Reached XP level 1. HP: 16/16 MP: 1/1
   445 | D:1      | Reached skill level 1 in Long Blades
   570 | D:1      | Gained mutation: You sometimes gain a little power by
                  | taking damage. [demonic ancestry]
   570 | D:1      | Reached XP level 2. HP: 21/22 MP: 2/2
  1360 | D:2      | Found a blossoming altar of Fedhas.
  1649 | D:2      | Noticed Jessica
  1660 | D:2      | Slain by Jessica

Illustrated notes

Levels and vault maps discovered:
D:1:      ebering_hopf_link, layout_basic, patterned_corridor
D:2:      minmay_door_path, layout_loops_ring, basic_altar, corexii_shack,
          uniq_jessica, uniq_natasha

Skill      XL: |  1  2 |
---------------+-------+-----
Long Blades    | 1 2 |  2.3
Fighting       | |  2.0
Short Blades   | |  1.7
Throwing       | |  1.7
Dodging        | |  0.8
Stealth        | |  3.6

Action                   || total
-------------------------++-------
Melee: Dagger            ||    59
 Stab: Sleeping          ||     2
Armor: Robe              ||     7
Dodge: Dodged            ||    27
Block: Buckler           ||     1

Table legend: (Time is in decaauts)
 A = Elapsed time spent in this place.
 B = Non-inter-level travel time spent in this place.
 C = Inter-level travel time spent in this place.
 D = Time resting spent in this place.
 E = Time spent auto-exploring this place.
 F = Levels seen in this place.
 G = Mean time per level.
                   A        B        C        D        E       F      G
               +--------+--------+--------+--------+--------+-----+--------+
         Total |   1655 |   1651 |      4 |      0 |   1489 |   2 |  827.5 |
       Dungeon |   1655 |   1651 |      4 |      0 |   1489 |   2 |  827.5 |
               +--------+--------+--------+--------+--------+-----+--------+

Top non-repeatable levels by time:
     D:1: 1354 daAuts
     D:2: 301 daAuts
